 Dungeon Crawl Stone Soup version 0.32-a0-818-gb728d0252e (webtiles) character file.

Game seed: 5855783073968094585

123 cforsyth the Chopper (level 4, 0/40 HPs)
             Began as a Mountain Dwarf Cinder Acolyte on Mar 23, 2024.
             Was a High Priest of Ignis.
             Killed by divine providence
             ... invoked by an orc priest
              (16 damage)
             ... on level 3 of the Dungeon.
             The game lasted 00:03:19 (2498 turns).

cforsyth the Chopper (MDCA)                         Turns: 2498, Time: 00:03:20

Health: 0/40       AC:  8    Str: 18    XL:     4   Next: 80%
Magic:  1/6        EV:  6    Int: 15    God:    Ignis [*****.]
Gold:   115        SH:  0    Dex:  5    Spells: 4/6 levels left

rFire   + . .        a - -1 hand axe (flame)
rCold   + . .        (no shield)
rNeg    . . .        m - +0 chain mail
rPois   .            (no helmet)
rElec   .            (no cloak)
rCorr   .            (no gloves)
SInv    +            (no boots)
Will    .....        (no amulet) Stlth
                     C - ring of protection from cold
HPRegen 0.26/turn    v - ring of see invisible
MPRegen 0.10/turn

%: no passive effects
@: no status effects
A: runic magic, artefact enchanting
a: Renounce Religion, Fiery Armour, Foxfire Swarm, Rising Flame


You were on level 3 of the Dungeon.
You worshipped Ignis.
Ignis was extremely pleased with you.
You visited 1 branch of the dungeon, and saw 3 of its levels.

You collected 115 gold pieces.


Innate Abilities, Weirdness & Mutations

Your spellcasting is much less encumbered by armour.
You can use scrolls of enchantment on lesser artefacts.


   Skills:
 + Level 4.0 Fighting
 + Level 4.4 Axes
 + Level 2.0 Armour
 + Level 1.8 Spellcasting
 + Level 4.3 Fire Magic


You had 4 spell levels left.
You knew the following spells:

 Your Spells              Type           Power      Damage    Failure   Level
X - Scorch                Fire           28%        2d6       10%         2

Your spell library contained the following spells:

 Spells                   Type           Power      Damage    Failure   Level
 Shock                    Conj/Air       4%         1d3       36%         1
 Inner Flame              Hex/Fire       7%         N/A       43%         3
 Swiftness                Air            1%         N/A       75%         3
 Flame Wave               Conj/Fire      7%         2d5       85%         4
 Sticky Flame             Fire/Alch      7%         2d4       85%         4
 Airstrike                Air            0%         2d(1-17)  98%         4
 Vhi's Electric Charge    Tloc/Air       2%         N/A       98%         4
 Arcjolt                  Conj/Air       0%         1d10      100%        5
 Maxwell's Capacitive Co  Air            0%         ∞         100%        8

Inventory:

Hand Weapons
 a - a -1 hand axe of flaming (weapon)
Armour
 b - a +0 robe
 m - a +0 chain mail (worn)
Jewellery
 v - a ring of see invisible (right hand)
 C - a ring of protection from cold (left hand)
Scrolls
 c - 2 scrolls of enchant armour {unknown}
 f - 2 scrolls of teleportation {unknown}
 h - 2 scrolls of fog {unknown}
 j - 2 scrolls of identify {unknown}
 l - a scroll of enchant weapon {unknown}
 n - 4 scrolls of immolation {unknown}
 p - 2 scrolls of amnesia {unknown}
 q - a scroll of noise {unknown}
 r - 3 scrolls of vulnerability {unknown}
Potions
 d - 2 potions of cancellation {unknown}
 e - a potion of curing {unknown}
 g - a potion of attraction {unknown}
 i - a potion of lignification {unknown}
 k - a potion of enlightenment {unknown}
 o - 2 potions of brilliance {unknown}

Dungeon Overview and Level Annotations

Branches:
Dungeon (3/15)

Altars:
Makhleb

Annotations:
D:3 Pargi

#.........
#........#
#.........
#........#
..........####'#####
###### #.......#
#.......# #.......#
... ######'## ....
#.# .... #@# ....
#o# .... #o# .o. #..
#... #... #####


You could see an orc priest (combustible) and 2 orcs.


Message History

The orc wizard hits you but does no damage.
You barely miss the orc wizard.
The orc wizard is moderately wounded.
The orc wizard gestures at you while chanting.
The puff of flame hits you. You resist.
Unknown command.
You hit the orc wizard. You burn the orc wizard.
The orc wizard is heavily wounded.
The orc wizard points at you and mumbles some strange words.
You resist with some effort.
You hit the orc wizard but do no damage.
The orc wizard is heavily wounded.
The orc wizard barely misses you.
You slash the orc wizard! You burn the orc wizard.
You kill the orc wizard!
The orc priest invokes the aid of Beogh against you.
Beogh smites you!
* * * LOW HITPOINT WARNING * * *
Your Fighting skill increases to level 4!
Your Armour skill increases to level 2!
Casting: Scorch (safe; 10% risk of failure)
Confirm with . or Enter, or press ? or * to list all spells.
Flames lash the orc priest.
The orc priest is moderately wounded.
The orc priest's fire resistance burns away.
The orc barely misses you.
The orc priest invokes the aid of Beogh against you.
Beogh smites you!
You die...
Ignis goes out, and joins you in death.

Skill      XL: |  1  2  3  4 |
---------------+-------------+-----
Armour         | 1 2 |  2.0
Axes           | 4 |  4.4
Fire Magic     | 4 |  4.3
Fighting       | 4 |  4.0
Spellcasting   | |  1.8

Action                     |  1- 3 |  4- 6 || total
---------------------------+-------+-------++-------
  Melee: Hand axe          |   135 |    29 ||   164
   Cast: Scorch            |     8 |     8 ||    16
 Armour: Robe              |    61 |       ||    61
         Chain mail        |    30 |    15 ||    45
  Dodge: Dodged            |    63 |    15 ||    78

Levels and vault maps discovered:
D:1:      psy_arrival_whirlpool, layout_loops_corners
D:2:      layout_basic, dreamdust_ecumenical_altar_hidden_monk_grotto
D:3:      layout_basic, mainiacjoe_overflow_cross_hatched, uniq_pargi

Notes
Turn   | Place    | Note
-------+----------+-------------------------------------------
     0 | D:1      | cforsyth the Mountain Dwarf Cinder Acolyte began the quest
                  | for the Orb.
     0 | D:1      | Reached XP level 1. HP: 19/19 MP: 2/2
   122 | D:1      | Reached XP level 2. HP: 8/26 MP: 3/3
   527 | D:1      | Reached skill level 1 in Armour
   693 | D:1      | Reached skill level 4 in Axes
   693 | D:1      | Reached XP level 3. HP: 31/31 MP: 5/5
   804 | D:1      | Reached skill level 4 in Fire Magic
  1586 | D:2      | Found a faded altar of an unknown god.
  1590 | D:2      | Learned a level 2 spell: Scorch
  1993 | D:3      | Found a burning altar of Makhleb.
  2055 | D:3      | Reached XP level 4. HP: 40/40 MP: 3/6
  2305 | D:3      | Noticed Pargi
  2498 | D:3      | Reached skill level 4 in Fighting
  2498 | D:3      | Reached skill level 2 in Armour
  2498 | D:3      | Killed from afar by an orc priest

Vanquished Creatures
  2 orc wizards (D:3)
  An adder (D:2)
  2 dart slugs (D:1)
  2 ribbon worms
  An orc (D:3)
  6 endoplasms
  3 giant cockroaches (D:1)
  6 goblins
  3 hobgoblins
  2 jackals (D:3)
  A quokka (D:2)
  6 ball pythons
  4 bats
  A frilled lizard (D:1)
  8 kobolds
  9 rats
57 creatures vanquished.

Table legend: (Time is in decaauts)
 A = Elapsed time spent in this place.
 B = Non-inter-level travel time spent in this place.
 C = Inter-level travel time spent in this place.
 D = Time resting spent in this place.
 E = Time spent auto-exploring this place.
 F = Levels seen in this place.
 G = Mean time per level.
                   A        B        C        D        E       F      G
               +--------+--------+--------+--------+--------+-----+--------+
         Total |   2514 |   2334 |    180 |     17 |   1829 |   3 |  838.0 |
       Dungeon |   2514 |   2334 |    180 |     17 |   1829 |   3 |  838.0 |
               +--------+--------+--------+--------+--------+-----+--------+

Top non-repeatable levels by time:
     D:1: 1251 daAuts
     D:2: 810 daAuts
     D:3: 452 daAuts

Table legend:
 A = Non-vault XP
 B = Vault XP
 C = Vault XP percentage of total XP
 D = Non-vault monster count
 E = Vault monster count
 F = Vault count percentage of total count
                 A         B        C        D         E       F
            +---------+---------+-------+---------+---------+-------
      Total |     177 |       0 |   0.0 |      57 |       0 |   0.0
            +---------+---------+-------+---------+---------+-------
        D:1 |      56 |       0 |   0.0 |      34 |       0 |   0.0
        D:2 |      34 |       0 |   0.0 |      12 |       0 |   0.0
        D:3 |      87 |       0 |   0.0 |      11 |       0 |   0.0
            +---------+---------+-------+---------+---------+-------
